woodfighter, chaotic female orcish Cavewoman --------- |........############### |.......| # # -+------- ### ### ## # # # ### ### ### # ##### # ### -------# ---------------- ######################......|## |..............-# ------------.--- ###|.....|## |..............|### #+............%.| #+..<...## ----- |...............#########|......{.......| -------### --....| ---------------- #######-..............| # |.?...| |........*.....| ###|.d...| ---------------- #-@d..>| |....-- ------ woodfighter the Young Cave Woman Experience level: 9 Strength: 18/03 Dexterity: 15 Constitution: 16 Intelligence: 11 Wisdom: 10 Charisma: 11 Health: 0(66) Energy: 28(28) Def: 14 Gold: 61 Moves: 10316 Dungeon seed: kXn40o88zloAabXC Game ID: woodfighter_1474998217 Your Inventory: Coins $ - 61 gold pieces Amulets V - an uncursed amulet of reflection (being worn) Weapons a - a +1 club (weapon in hand) s - 41 +0 arrows (in quiver) t - a +0 bow (alternate weapon; not wielded) Armor n - an uncursed +2 dwarvish cloak (being worn) q - an uncursed +0 pair of jumping boots (being worn) z - an uncursed +0 small shield (being worn) B - a blessed +1 helm of brilliance (being worn) G - an uncursed +2 dwarvish mithril-coat (being worn) Comestibles g - 4 uncursed food rations M - an uncursed sprig of wolfsbane Scrolls R - an uncursed scroll of water Potions O - an uncursed potion of monster detection Q - an uncursed potion of speed Rings l - an uncursed ring of free action (on left hand) A - a blessed +1 ring of increase damage (on right hand) Wands d - a wand of digging (0:7) N - a wand of teleportation (0:4) S - a wand of striking (0:4) Tools y - an uncursed skeleton key E - an uncursed stethoscope I - a +0 pick-axe P - an uncursed towel T - a cursed magic lamp Gems e - an uncursed luckstone Spells and supernatural/magical abilities: Name Level Category Fail Memory W - pray for help -- divine ? -- Y - supernatural jump -- ability ? -- Your skills at the end: Miscellaneous Skills bare handed combat [Basic] shield [Basic] stealth [Skilled] Weapon Skills scimitar [Basic] club [Expert] sling [Basic] Spellcasting Skills Final Attributes: You were piously aligned. You were poison resistant. Your writing hand was cramped from overuse. You were telepathic. You had infravision. You were stealthy. You could jump. You had a +1 damage bonus. You were fast. You had reflection. You had free action. You were lucky. You had extra luck. Bad luck did not time out for you. Good luck did not time out for you. You are dead. Vanquished creatures: 2 giant mimics 5 wargs a small mimic a large dog a freezing sphere 2 dwarf kings a chameleon 16 leprechauns 2 quivering blobs a spotted jelly an orc-captain a giant spider a gnome king a brown pudding a Green-elf a gold golem a dog 3 dingos a jaguar a dwarf lord a raven an ape a rope golem 2 soldier ants a yellow light a baby crocodile a Mordor orc an Uruk-hai 2 orc shamans a rock mole 2 rock piercers 3 ponies a fog cloud 11 gnome lords 4 gnomish wizards a kobold mummy 4 elf zombies a ghoul 4 giant ants 4 floating eyes 17 dwarves a kobold lord 3 hill orcs a rothe a rabid rat a centipede a jitterbug 5 giant bats 3 monkeys 2 dwarf zombies a wererat 3 werejackals 8 killer bees 7 coyotes a gas spore 4 hobbits 4 acid blobs 2 large kobolds 9 geckos 4 hobgoblins 7 giant rats 5 cave spiders 2 brown molds 3 green molds 3 red molds 50 gnomes 5 manes 2 gnome zombies 7 jackals a fox a kobold 11 newts 2 goblins 3 sewer rats 5 grid bugs 3 bats 4 lichens 5 kobold zombies 288 creatures vanquished. Voluntary challenges: You did not cause conflict. You were not invisible. You did not have reflection until turn 8996. You were not displaced. You used a wielded weapon 455 times, starting on turn 40. You did not apply a unicorn horn. You did not use plumbed fixtures. You did not drink any magical draughts. You read items or engraved 13 times, starting on turn 1885. You never genocided any monsters. You never polymorphed an object. You never changed form. You completed Sokoban on turn 8970, according to the rules. You used no wishes. You never split a pudding. You never wrote Elbereth's name. You never violated your personal moral code. Dungeon overview: The Dungeons of Doom: levels 1 to 8 Level 1 (water + vault) an altar to Anu, a fountain a long staircase Level 2 (water + locked box + vault) stairs to The Gnomish Mines Level 3 Level 4 (water) an altar to Anu Level 5 a scroll shop Level 6 many fountains Level 7 a fountain stairs to Sokoban Level 8 <- You were here a fountain The Gnomish Mines: levels 3 to 10 Level 3 stairs to The Dungeons of Doom Level 4 Level 5 many shops, a temple to Ishtar, a magic chest, some fountains Level 6 Level 7 Level 8 Level 9 Level 10 many altars to Moloch, a magic chest, some fountains Sokoban: levels 3 to 6 Level 3 a magic chest Level 4 a delicatessen, a magic chest Level 5 a fountain Level 6 an altar to Ishtar, a magic chest stairs to The Dungeons of Doom History has recorded: On T:1 you entered the Dungeons of Doom to retrieve the Amulet of Yendor! On T:23 you reached level 2 of The Dungeons of Doom. On T:573 you reached level 3 of The Dungeons of Doom. On T:632 you reached level 1 of The Gnomish Mines. On T:633 you advanced to experience level 2. On T:816 you advanced to experience level 3. On T:861 you reached level 2 of The Gnomish Mines. On T:868 you advanced to experience level 4. On T:1055 you advanced to experience level 5. On T:1475 you reached level 3 of The Gnomish Mines. On T:1762 you advanced to experience level 6. On T:1830 you entered the Minetown temple On T:1879 you opened a magic chest. On T:2381 you reached level 4 of The Gnomish Mines. On T:2777 you advanced to experience level 7. On T:2830 you reached level 5 of The Gnomish Mines. On T:3025 you reached level 6 of The Gnomish Mines. On T:3550 you reached level 7 of The Gnomish Mines. On T:3618 you reached level 8 of The Gnomish Mines. On T:3618 you reached the bottom of the Mines. On T:4057 you advanced to experience level 8. On T:5499 you reached level 4 of The Dungeons of Doom. On T:5745 you reached level 5 of The Dungeons of Doom. On T:6232 you reached level 6 of The Dungeons of Doom. On T:6638 you reached level 7 of The Dungeons of Doom. On T:7034 you reached level 4 of Sokoban. On T:7282 you reached level 3 of Sokoban. On T:7779 you reached level 2 of Sokoban. On T:8144 you reached level 1 of Sokoban. On T:8970 you advanced to experience level 9. On T:8970 you entered the Sokoban zoo. On T:9761 you reached level 8 of The Dungeons of Doom. Score breakdown: Gold: 61 ( 6 points) Experience: 9 levels ( 800 points) Exploration: 10 levels ( 270 points) Discoveries: 29 items ( 1450 points) Variety of kills: 78 monsters ( 2000 points) Major goal: Sokoban/Mines ( 1500 points) Survival: died (score multiplied by 3) Total score: 18078 Latest messages: You destroy the gnome zombie! The door resists! The door opens. You stop exploring. The leprechaun misses. You hit the warg! You kill the warg! The leprechaun punches you! Your purse feels lighter. You see here a warg corpse. The warg bites! You hit the warg! The warg bites! (2x) The warg misses. You hit the warg! The warg bites! (3x) You hit the warg! (2x) The warg just misses! The warg bites! The warg misses. You kill the warg! The warg misses. (2x) You hit the warg! The warg just misses! (2x) You hit the warg! The warg bites! (2x) You die... Final status: Goodbye woodfighter the Cavewoman, killed by a warg... You died in The Dungeons of Doom on dungeon level 8 with 18078 points, and 61 pieces of gold, after 10316 moves. You were level 9 with a maximum of 66 hit points when you died.